 Dungeon Sprint DCSS version 0.24.0-13-gcf9b319 (webtiles) character file.

Game seed: 4765411396704198425, levelgen mode: deterministic

8157 Fang the Fighter (level 11, -4/80 HPs)
             Began as a Gargoyle Berserker on Dec 10, 2019.
             Was a High Priest of Trog.
             Killed from afar by Itsihi the pandemonium lord (42 damage)
             ... with a crystal spear
             ... in the Dungeon (Sprint V: "Ziggurat Sprint").
             The game lasted 00:02:15 (833 turns).

Fang the Fighter (Gargoyle Berserker)                Turns: 833, Time: 00:02:16

Health: -4/80      AC: 39    Str: 30    XL:     11   Next: 26%
Magic:  0/11       EV:  6    Int:  8    God:    Trog [*****.]
Gold:   0          SH: 29    Dex:  9    Spells: 10/10 levels left

rFire    . . .     SeeInvis .   a - +9 broad axe (vamp)
rCold    + . .     Gourm    .   E - +18 shield of the Gong {rElec rN+ MR+ EV-5}
rNeg     + + +     Faith    .   b - +15 Maxwell's patent armour {-Cast -Tele rElec MR+ rCorr}
rPois    ∞         Spirit   +   (no helmet)
rElec    +         Reflect  .   g - scarf {Spirit}
rCorr    +         Harm     .   (no gloves)
MR       +++..     NoTele   +   (no boots) Stlth ..........NoCast +
                                o - amulet "Muoxzais" {Spirit *Corrode rElec rC+}
HPRegen  0.23/turn              D - +6 ring of strength
MPRegen  0.12/turn              z - ring of Womix {+Fly rN+ MR+ AC+5}

@: no status effects
A: deformed body, negative energy resistance 1, electricity resistance,
unbreathing, petrification resistance, rot immunity, AC +8
a: Berserk, Trog's Hand, Brothers in Arms, Renounce Religion, Evoke Flight


You were in the Dungeon.
You worshipped Trog.
Trog was extremely pleased with you.
You were hungry.

You visited 1 branch

Inventory:

Hand Weapons
 a - a +9 vampiric broad axe (weapon)
Armour
 b - the +15 Maxwell's patent armour (worn) {-Cast -Tele rElec MR+ rCorr}
   (You found it in the Dungeon)

   It insulates you from electricity.
   It affects your resistance to hostile enchantments.
   It prevents spellcasting.
   It prevents most forms of teleportation.
   It provides partial protection from all sources of acid and corrosion.
 g - a scarf of spirit shield (worn)
 E - the +18 shield of the Gong (worn) {rElec rN+ MR+ EV-5}
   (You found it in the Dungeon)

   It affects your evasion (-5).
   It insulates you from electricity.
   It protects you from negative energy.
   It affects your resistance to hostile enchantments.
Jewellery
 o - the amulet "Muoxzais" (around neck) {Spirit *Corrode rElec rC+}
   (You found it in the Dungeon)

   [amulet of guardian spirit]

   It causes incoming damage to be split between your health and magic.
   It protects you from cold.
   It insulates you from electricity.
   It may corrode you when you take damage.
 z - the ring of Womix (right hand) {+Fly rN+ MR+ AC+5}
   (You found it in the Dungeon)

   [ring of protection]

   It affects your AC (+5).
   It protects you from negative energy.
   It affects your resistance to hostile enchantments.
   It lets you fly.
 A - an uncursed ring of stealth
 C - a +6 ring of strength
 D - a +6 ring of strength (left hand)
 F - an uncursed ring of magical power
Wands
 u - a wand of disintegration (7)
 v - a wand of iceblast (7)
 w - a wand of acid (7)
Scrolls
 i - 4 scrolls of blinking
 j - 8 scrolls of fog
 k - a scroll of holy word
 l - 5 scrolls of identify
 m - 5 scrolls of remove curse
 n - 2 scrolls of fear
 B - 2 scrolls of brand weapon
Potions
 d - 10 potions of curing
 e - 9 potions of heal wounds
 f - 6 potions of haste
 h - 3 potions of berserk rage
 p - 2 potions of invisibility
 q - 4 potions of resistance
 r - a potion of experience
 s - 5 potions of agility
 t - 5 potions of might
Comestibles
 c - 7 rations
 x - 7 chunks of flesh


   Skills:
 + Level 14.4 Fighting
 + Level 12.4 Axes
 + Level 14.2 Armour
 + Level 11.3 Dodging
 + Level 6.3 Shields


You had 10 spell levels left.
You didn't know any spells.
Your spell library was empty.

Dungeon Overview and Level Annotations

Branches:
Dungeon (1/1)

Altars:
Ashenzari
Cheibriados
Dithmenos
Elyvilon
Fedhas
Gozag
Hepliaklqana
Kikubaaqudgha
Makhleb
Nemelex Xobeh
Okawaru
Qazlal
Ru
Sif Muna
Trog
Uskayaw
Vehumet
Wu Jian
Xom
Yredelemnul
Zin
The Shining One
Beogh
Jiyva
Lugonu

Annotations:
D 1 transporter


Innate Abilities, Weirdness & Mutations

You are resistant to torment.
Your stone body is resilient. (AC +8)
You are immune to poison.
You resist negative energy. (rN+)
You are resistant to electric shocks. (rElec)
You can survive without breathing.
You are immune to petrification.
You are immune to rotting.
Armour fits poorly on your strangely shaped body.


Message History

Okay, then.
You completely miss Fyagazue.
Fyagazue is lightly wounded.
You barely miss Itsihi.
You hear a shout!
You block Itsihi's attack.
GONNNNG!
The hellwing hits your deep troll. x2
Your deep troll barely misses the hellwing. x2
Your deep troll closely misses the hellwing.
Your deep troll closely misses the ufetubus.
Your deep troll completely misses the ufetubus.
Your deep troll claws the ufetubus!!
The ufetubus dies!
You block Fyagazue's attack.
PANG!
Itsihi gestures at you. The crystal spear hits you!!!
Ouch! That really hurt!
You die...

▓...8©8...▓
▓..}!):)..▓
▓...}})[..▓
▓.........▓
▓.........▓
▓5........▓
▓55..T....▓
▓&▓3....▓.▓
▓@&4T©....▓
▓▓▓▓▓▓▓▓▓▓▓


You could see Fyagazue, Itsihi, a hellwing, a ynoxinul, an iron imp, a white
imp, an ufetubus and 2 friendly deep trolls.

Vanquished Creatures
  2 deep elf knights (D)
  2 deep elf archers (D)
  An orb spider (shapeshifter) (D)
  A deep elf mage (D)
  A shining eye (D)
  3 ugly things (D)
  2 yaktaurs (D)
  2 polar bears (D)
  4 merfolk (D)
  4 slime creatures (D)
  A fire elemental (D)
  A human (shapeshifter) (D)
  2 floating eyes (D)
  A necrophage (D)
  A black bear (shapeshifter) (D)
  An ice beast (D)
  A phantom (D)
  3 scorpions (D)
  A wight (D)
  A jelly (D)
  2 iguanas (D)
  3 white imps (D)
  An ooze (D)
  An adder zombie (D)
  2 jackals (D)
  A giant cockroach zombie (D)
45 creatures vanquished.

Vanquished Creatures (collateral kills)
  An ice devil (D)
  A quasit (D)
2 creatures vanquished.

Grand Total: 47 creatures vanquished

Notes
Turn   | Place    | Note
-------+----------+-------------------------------------------
     0 | D        | Fang the Gargoyle Berserker began the quest for the Orb.
     0 | D        | Reached XP level 1. HP: 14/14 MP: 1/1
     1 | D        | Found a blossoming altar of Fedhas.
     2 | D        | Found the +6 Majin-Bo {vamp, Archmagi MP+6 Int+6}
     2 | D        | Found the +7 great mace "Firestarter" {inner flame, rF++}
     3 | D        | Found a viscous altar of Jiyva.
     3 | D        | Found a hazy altar of Hepliaklqana.
     3 | D        | Found a transporter.
     3 | D        | Found an opulent altar of Gozag.
     3 | D        | Found an ancient bone altar of Kikubaaqudgha.
     3 | D        | Found a corrupted altar of Lugonu.
    18 | D        | Found a burning altar of Makhleb.
    20 | D        | Found an iron altar of Okawaru.
    20 | D        | Found a stormy altar of Qazlal.
    20 | D        | Found a sparkling altar of Nemelex Xobeh.
    20 | D        | Found a sacrificial altar of Ru.
    20 | D        | Found a shimmering blue altar of Sif Muna.
    26 | D        | Found the +9 heavy crossbow "Sniper" {velocity, Acc+∞ SInv}
    26 | D        | Found the +10 dark maul {crush}
    26 | D        | Found the +15 Maxwell's patent armour {-Cast -Tele rElec
                  | MR+ rCorr}
    26 | D        | Found the +18 shield of the Gong {rElec rN+ MR+ EV-5}
    26 | D        | Found the cursed +14 obsidian axe {chop, +Fly SInv *Curse}
    32 | D        | Found a bloodstained altar of Trog.
    77 | D        | Entered arena 2.
    77 | D        | Noticed a yaktaur
    77 | D        | Noticed a yaktaur
    77 | D        | Found a transporter.
    83 | D        | Killed a yaktaur
    83 | D        | Reached skill level 5 in Dodging
    83 | D        | Reached XP level 2. HP: 10/24 MP: 2/2
    83 | D        | Reached XP level 3. HP: 12/28 MP: 3/3
    83 | D        | Reached XP level 4. HP: 15/34 MP: 4/4
    83 | D        | Reached XP level 5. HP: 17/38 MP: 5/5
    83 | D        | Reached XP level 6. HP: 20/44 MP: 6/6
    83 | D        | Killed a yaktaur
    83 | D        | Reached XP level 7. HP: 22/50 MP: 7/7
    91 | D        | Got the amulet "Muoxzais" {Spirit *Corrode rElec rC+}
   294 | D        | Entered arena 3.
   294 | D        | Found a transporter.
   299 | D        | Reached ** piety under Trog
   407 | D        | Entered arena 4.
   407 | D        | Found a transporter.
   410 | D        | Reached *** piety under Trog
   411 | D        | Received a gift from Trog
   439 | D        | Entered arena 5.
   439 | D        | Noticed a merfolk
   439 | D        | Noticed a merfolk
   439 | D        | Noticed a merfolk
   439 | D        | Noticed a merfolk
   439 | D        | Found a transporter.
   447 | D        | Killed a merfolk
   447 | D        | Reached skill level 10 in Fighting
   447 | D        | Reached XP level 8. HP: 56/57 MP: 8/8
   456 | D        | Killed a merfolk
   456 | D        | Reached skill level 10 in Armour
   460 | D        | Killed a merfolk
   460 | D        | Reached **** piety under Trog
   477 | D        | Killed a merfolk
   479 | D        | Got the ring of Womix {+Fly rN+ MR+ AC+5}
   554 | D        | Entered arena 6.
   554 | D        | Found a transporter.
   559 | D        | Reached XP level 9. HP: 64/64 MP: 9/9
   561 | D        | Reached ***** piety under Trog
   583 | D        | Entered arena 7.
   583 | D        | Noticed a deep elf archer
   583 | D        | Noticed a deep elf knight
   583 | D        | Noticed a deep elf knight
   583 | D        | Noticed a deep elf archer
   583 | D        | Noticed a deep elf mage
   584 | D        | Found a transporter.
   595 | D        | Killed a deep elf knight
   595 | D        | Reached skill level 10 in Axes
   596 | D        | Killed a deep elf archer
   603 | D        | Killed a deep elf knight
   603 | D        | Received a gift from Trog
   603 | D        | Reached XP level 10. HP: 72/72 MP: 10/10
   603 | D        | Killed a deep elf mage
   603 | D        | Reached skill level 10 in Dodging
   627 | D        | Killed a deep elf archer
   627 | D        | Reached ****** piety under Trog
   641 | D        | Entered arena 8.
   642 | D        | Found a transporter.
   648 | D        | Reached skill level 1 in Shields
   649 | D        | Received a gift from Trog
   689 | D        | Entered arena 9.
   689 | D        | Noticed a brown ugly thing
   689 | D        | Noticed a white ugly thing
   689 | D        | Noticed a white ugly thing
   689 | D        | Noticed a shining eye
   690 | D        | Found a transporter.
   690 | D        | Gained mutation: Armour fits poorly on your strangely
                  | shaped body. [a shining eye]
   696 | D        | Killed a shining eye
   698 | D        | Killed a green ugly thing
   698 | D        | Noticed an orb spider
   698 | D        | a hippogriff changed into an orb spider
   700 | D        | Killed an orb spider
   701 | D        | Received a gift from Trog
   704 | D        | Killed a green ugly thing
   704 | D        | Reached XP level 11. HP: 79/79 MP: 9/11
   706 | D        | Killed a green ugly thing
   706 | D        | Reached skill level 5 in Shields
   756 | D        | Entered arena 10.
   757 | D        | Found a transporter.
   760 | D        | Paralysed by a floating eye for 3 turns
   767 | D        | Received a gift from Trog
   820 | D        | Entered arena 11.
   820 | D        | Noticed Fyagazue the pandemonium lord
   820 | D        | Noticed Itsihi the pandemonium lord
   821 | D        | Found the +8 frozen axe "Frostbite" {freezing cloud, *Noise
                  | +Fly rC+}
   821 | D        | Found a transporter.
   833 | D        | Killed from afar by Itsihi the pandemonium lord

Levels and vault maps discovered:
D:        sprint_v [room_start, room_1, room_2, room_3, room_4, room_5, room_6,
          room_7, room_8, room_9, room_10, room_11, room_12, room_13, room_14,
          room_15, room_16, room_17, room_18, room_19, room_20, room_21,
          room_22, room_23, room_24, room_25, room_26, room_27]

Skill      XL: |  1  2  3  4  5  6  7  8  9 10 11 |
---------------+----------------------------------+-----
Fighting       | 7 8 10 11 12 13 14 | 14.4
Axes           | 6 7 8 9 10 12 | 12.4
Armour         | 7 8 9 10 12 13 14 | 14.2
Dodging        | 5 6 7 8 9 11 | 11.3
Shields        | 4 6 |  6.3

Action                   |  1- 3 |  4- 6 |  7- 9 | 10-12 || total
-------------------------+-------+-------+-------+-------++-------
Melee: Broad axe         |     4 |       |    77 |    46 ||   127
Invok: Berserk           |     1 |       |     1 |     2 ||     4
       Brothers in Arms  |       |       |       |     3 ||     3
  Use: Scroll            |       |       |       |     5 ||     5
       Potion            |       |       |       |     1 ||     1
  Eat: Chunk             |       |       |       |     4 ||     4
Armor: Plate armour      |       |       |    38 |    47 ||    85
Dodge: Dodged            |       |       |     8 |    13 ||    21
Block: Shield            |     6 |       |   125 |    83 ||   214
